AoeStats
← MalteDerBaer

Fortress

510149400Analyzed
2v2 RM · 22h ago on Sep 29, 2026· 54m 4s· 4 players
Game mode
Random Map
Map size
Normal (6 player)
Population
200
Speed
Normal
Resources
Standard
Victory
Conquest
Starting age
Dark Age
Ending age
Imperial Age
RankedLock teamsTeams togetherTeam positionsShared explorationLock speedFull tech treeHidden civsTurbo modeCheats
Victory
Defeat
🇩🇪 Burgundians · Germany
1138
+16
🇩🇪 Goths · Germany
1115
+16
🇵🇱 Goths · Poland
1134
-16
🇵🇱 Italians · Poland
1134
-16
FlyDutch1
7:47 Feudal Age
6:43 Double-Bit Axe
7:13 Horse Collar
12:03 Castle Age
10:38 Bow Saw
12:53 Wheelbarrow
13:07 Heavy Plow
21:19 Scale Barding Armor
22:18 Forging
28:05 Husbandry
28:52 Loom
29:23 Hand Cart
29:59 Gold Mining
33:51 Imperial Age
32:23 Gold Shaft Mining
31:36 Cavalier
33:24 Chain Barding Armor
35:20 Plate Barding Armor
36:18 Iron Casting
36:26 Conscription
38:45 Paladin
42:22 Chemistry
45:46 Padded Archer Armor
46:48 Blast Furnace
45:55 Caravan
46:29 Light Cavalry
49:27 Hussar
MalteDerBaer
0:31 Loom
7:06 Feudal Age
10:25 Double-Bit Axe
13:00 Castle Age
11:52 Horse Collar
14:36 Wheelbarrow
14:41 Squires
17:57 Scale Mail Armor
20:01 Stone Mining
22:21 Town Watch
22:59 Fletching
23:26 Chain Mail Armor
28:15 Hand Cart
28:08 Gold Mining
28:54 Pikeman
30:23 Bodkin Arrow
30:39 Forging
31:44 Anarchy
36:25 Imperial Age
36:30 Iron Casting
37:06 Stone Shaft Mining
36:48 Heavy Plow
37:06 Bow Saw
37:56 Conscription
37:25 Elite Huskarl
42:07 Perfusion
46:46 Blast Furnace
antylagi
7:31 Feudal Age
11:25 Castle Age
11:35 Horse Collar
11:43 Double-Bit Axe
15:36 Imperial Age
16:04 Forging
15:55 Scale Mail Armor
16:05 Squires
18:15 Iron Casting
27:04 Pikeman
29:07 Loom
30:00 Wheelbarrow
29:38 Bow Saw
33:14 Chain Mail Armor
37:42 Stone Mining
37:53 Halberdier
39:49 Scale Barding Armor
40:46 Blast Furnace
44:17 Man-at-Arms
45:12 Long Swordsman
46:28 Two-Handed Swordsman
47:20 Champion
50:14 Perfusion
generalcyplus
6:58 Feudal Age
7:37 Double-Bit Axe
7:35 Horse Collar
11:40 Gold Mining
14:08 Wheelbarrow
18:39 Castle Age
20:03 Coinage
20:17 Bow Saw
24:37 Hand Cart
25:18 Loom
26:48 Fletching
26:59 Man-at-Arms
30:42 Imperial Age
28:06 Town Watch
28:41 Padded Archer Armor
29:46 Bodkin Arrow
31:21 Padded Archer Armor
32:26 Bracer
32:42 Leather Archer Armor
32:40 Heavy Plow
35:08 Town Patrol
37:43 Elite Genoese Crossbowman
39:11 Ring Archer Armor
40:35 Light Cavalry
41:26 Bloodlines
41:18 Husbandry
41:45 Heated Shot
42:16 Ballistics
42:57 Chemistry
41:26 Hussar
43:05 Masonry
42:37 Treadmill Crane
42:53 Murder Holes
43:08 Fortified Wall
42:31 Hussar
42:45 Hussar
44:03 Scale Barding Armor
44:09 Forging
44:16 Hussar
46:25 Iron Casting
46:11 Chain Barding Armor
50:15 Conscription
51:02 Plate Barding Armor
51:03 Iron Casting
52:35 Hoardings
52:22 Silk Road
52:42 Cavalier
55:27 Blast Furnace
Connection lost

Rejoining the realm…

Still unreachable

The connection could not be restored.

Session expired

The server has moved on; the page needs a fresh start.